 Dungeon Crawl Stone Soup version 0.25-a0-1079-g858b6a6ff6 (webtiles) character file.

Game seed: 10161056919899237377, levelgen mode: deterministic

179 vurker the Ruffian (level 5, -1/50 HPs)
             Began as a Troll Assassin on May 15, 2020.
             Killed from afar by an orc wizard (10 damage)
             ... with a puff of flame
             ... on level 3 of the Dungeon.
             The game lasted 00:04:49 (1836 turns).

vurker the Ruffian (Troll Assassin)                 Turns: 1836, Time: 00:04:49

Health: -1/50      AC:  7    Str: 20    XL:     5   Next: 32%
Magic:  4/4        EV:  9    Int:  7    God:
Gold:   138        SH:  5    Dex: 11    Spells: 4/4 levels left

rFire    . . .     SeeInvis .     - Unarmed
rCold    . . .     Gourm    +   (no shield)
rNeg     . . .     Faith    .   p - +0 robe
rPois    .         Spirit   .   (helmet restricted)
rElec    .         Reflect  +   c - +0 cloak
rCorr    .         Harm     .   (gloves unavailable)
MR       .....                  (boots unavailable)
Stlth    ++........             m - amulet of reflection
HPRegen  0.56/turn              (no ring)
MPRegen  0.09/turn              (no ring)

@: no status effects
A: large, unfitting armour, claws 3, fast metabolism 3, gourmand, regeneration
1, shaggy fur 1, tough skin 3
a: no special abilities


You were on level 3 of the Dungeon.
You were very full.

You visited 1 branch of the dungeon, and saw 4 of its levels.

You collected 138 gold pieces.

Inventory:

Hand Weapons
 b - a +0 hunting sling
   (You found it on level 1 of the Dungeon)
Missiles
 d - 21 poisoned darts (quivered)
 f - 2 curare-tipped darts
 o - 24 sling bullets
Armour
 c - a +0 cloak (worn)
 p - a +0 robe (worn)
Jewellery
 m - an amulet of reflection (around neck)
   (You found it on level 2 of the Dungeon)
Scrolls
 k - a scroll of immolation
 n - a scroll of enchant armour {unknown}
 q - 3 scrolls of remove curse
 r - 2 scrolls of teleportation {unknown}
Potions
 h - a potion of brilliance {unknown}
 i - a potion of might
 j - 2 potions of curing
Comestibles
 e - 3 rations


   Skills:
 + Level 2.6 Fighting
   Level 1.5 Short Blades
 + Level 2.9 Throwing
 - Level 0.7 Dodging
 - Level 2.1 Stealth
 * Level 3.5 Unarmed Combat


You had 4 spell levels left.
You didn't know any spells.
Your spell library was empty.

Dungeon Overview and Level Annotations

Branches:
Dungeon (4/15)
 Temple: D:4-7

Altars:
Cheibriados
Gozag
Okawaru


Innate Abilities, Weirdness & Mutations

You are too large for most types of armour.
You have claws for hands.
Your metabolism is lightning-fast.
You like to eat raw meat.
Your natural rate of healing is unusually fast.
You are covered in fur. (AC +1)
You have extremely tough skin. (AC +3)


Message History

Reactivating autopickup.
You feel less confused.
There is a stone staircase leading down here.
Deactivating autopickup; reactivate with Ctrl-A.
You barely miss something. Something hits you but does no damage.
Something hits you but does no damage.
You miss something.
You hear some strange, mumbled words.
A magic dart appears from out of thin air!
The magic dart hits you. Something hits you.
You barely miss something.
You hear some strange, mumbled words.
A magic dart appears from out of thin air!
The magic dart hits you!
* * * LOW HITPOINT WARNING * * *
Something hits you.
* * * LOW HITPOINT WARNING * * *
Something hits you but does no damage.
You miss something. Something hits you but does no damage. Something hits you.
* * * LOW HITPOINT WARNING * * *
You miss something. Something hits you but does no damage.
Something hits you but does no damage. Something hits you but does no damage.
Unknown command.
You claw something! Something hits you but does no damage.
Something hits you but does no damage.
Unknown command.
You barely miss something. You block something's attack.
Something hits you but does no damage.
Unknown command.
You completely miss something.
You hear some strange, mumbled words.
A puff of frost appears from out of thin air!
The puff of frost hits you.
* * * LOW HITPOINT WARNING * * *
You hear some strange, mumbled words.
A puff of frost appears from out of thin air!
The puff of frost hits you!
* * * LOW HITPOINT WARNING * * *
All of the chunks of flesh in your inventory have rotted away.
You hear some strange, mumbled words.
A puff of flame appears from out of thin air!
The puff of flame hits you!
You die...

##### #######8_8# #..=..#...#
##### #.##..#...#
....########.....##.##
...............>{....##########
....###.##....{.@....##.......#
...## #.##......##)..##.#..##.#
##.# #.##......##...##.......#
...# #.##...........###.#.#..#
.#.####....#####.....###.#.####
.....##....#####.........#.#
.##.###...............####.##
.."........###..............#
.######.....##.###.##.#..#..#


There were no monsters in sight!

Vanquished Creatures
  A black bear (D:3)
  3 worms
  3 dart slugs
  6 leopard geckos
  An orc (D:4)
  5 giant cockroaches
  4 goblins
  4 hobgoblins
  7 jackals
  A quokka (D:2)
  A ball python (D:1)
  6 bats
  7 frilled lizards
  6 kobolds
  7 rats
62 creatures vanquished.

Notes
Turn   | Place    | Note
-------+----------+-------------------------------------------
     0 | D:1      | vurker the Troll Assassin began the quest for the Orb.
     0 | D:1      | Reached XP level 1. HP: 19/19 MP: 0/0
    76 | D:1      | Reached skill level 1 in Unarmed Combat
    76 | D:1      | Reached XP level 2. HP: 28/28 MP: 1/1
   582 | D:1      | Reached XP level 3. HP: 35/35 MP: 2/2
   686 | D:2      | Reached skill level 2 in Unarmed Combat
   942 | D:2      | Found an iron altar of Okawaru.
  1396 | D:3      | Found an opulent altar of Gozag.
  1397 | D:3      | Noticed a black bear
  1408 | D:3      | Killed a black bear
  1408 | D:3      | Reached skill level 3 in Unarmed Combat
  1408 | D:3      | Reached XP level 4. HP: 13/44 MP: 3/3
  1408 | D:3      | Reached XP level 5. HP: 15/50 MP: 4/4
  1529 | D:3      | Found a snail-covered altar of Cheibriados.
  1836 | D:3      | Killed from afar by an orc wizard

Illustrated notes

Levels and vault maps discovered:
D:1:      dpeg_arrival_renting, layout_loops_ring,
          hangedman_abyss_or_decor_lesser_grid, hangedman_abyss_or_decor_stabs
D:2:      layout_rooms, kennysheep_okawaru_gauntlet
D:3:      layout_basic, kennysheep_slug_shrine, first_ration,
          grunt_gozag_breadcrumbs
D:4:      minmay_angry_zag, layout_rooms, serial_shops, shop,
          minmay_misc_feat_tiny, hangedman_glass_teeth, uniq_eustachio,
          uniq_crazy_yiuf_cottage, uniq_robin

Skill      XL: |  1  2  3 |
---------------+----------+-----
Throwing       | 2 |  2.9
Unarmed Combat | 1 3 |  3.5
Fighting       | 2 |  2.6
Short Blades   | |  1.5
Dodging        | |  0.7
Stealth        | |  2.1

Action                   |  1- 3 |  4- 6 || total
-------------------------+-------+-------++-------
Melee: Unarmed           |   137 |    44 ||   181
       Punch             |       |     1 ||     1
 Fire: Hunting sling     |    10 |       ||    10
Throw: Dart              |     3 |       ||     3
  Use: Scroll            |     5 |     3 ||     8
 Stab: Sleeping          |     3 |     1 ||     4
  Eat: Chunk             |    18 |     4 ||    22
Armor: Robe              |    67 |    38 ||   105
Dodge: Dodged            |    69 |    29 ||    98
Block: Other             |       |     8 ||     8
       Reflection        |       |     1 ||     1

Table legend:
 A = Non-vault XP
 B = Vault XP
 C = Vault XP percentage of total XP
 D = Non-vault monster count
 E = Vault monster count
 F = Vault count percentage of total count
                 A         B        C        D         E       F
            +---------+---------+-------+---------+---------+-------
      Total |     248 |       8 |   3.1 |      59 |       3 |   4.8
            +---------+---------+-------+---------+---------+-------
        D:1 |      46 |       0 |   0.0 |      24 |       0 |   0.0
        D:2 |      32 |       4 |  11.1 |      17 |       2 |  10.5
        D:3 |     167 |       4 |   2.3 |      17 |       1 |   5.6
        D:4 |       3 |       0 |   0.0 |       1 |       0 |   0.0
            +---------+---------+-------+---------+---------+-------
